 Dungeon Crawl Stone Soup version 0.32-a0-876-gcfddb08e57 (webtiles) character file.

Game seed: 9421357553412106607

115 TacoSundae the Insei (level 4, -1/33 HPs)
             Began as a Demonspawn Shapeshifter on Apr 1, 2024.
             Succumbed to a scorpion's poison
             ... on level 3 of the Dungeon.
             The game lasted 00:05:22 (1864 turns).

TacoSundae the Insei (Demonspawn Shapeshifter)      Turns: 1864, Time: 00:05:22

Health: -1/33      AC:  2    Str: 24    XL:     4   Next: 68%
Magic:  3/3        EV: 11    Int:  9    God:
Gold:   215        SH:  0    Dex: 16    Spells: 3/3 levels left

rFire   . .          .
                       - Unarmed
rCold   . . .        (no shield)
rNeg    . . .        a - +0 animal skin
rPois   .            (helmet currently unavailable)
rElec   .            (cloak currently unavailable)
rCorr   .            (gloves currently unavailable)
SInv    .            (boots currently unavailable)
Will    .....        (no amulet)
Stlth   ++           e - +6 ring of strength
HPRegen 0.25/turn    (no ring)
MPRegen 0.08/turn

%: random rage (3%)
@: lethally poisoned (-1 -> -15), beast-form
A: beast (slay +2), thin skeletal structure 1, weakness stinger 1, berserk 1,
low MP 1, strong 1
a: Begin Untransformation


You were on level 3 of the Dungeon.
You were a hulking beast.
You visited 1 branch of the dungeon, and saw 3 of its levels.

You collected 215 gold pieces.

Inventory:

Hand Weapons
 i - a +2 short sword of draining
Armour
 a - a +0 animal skin (worn)
Jewellery
 e - a +6 ring of strength (left hand)
Talismans
 c - a beast talisman (active)
 d - a flux talisman
Scrolls
 f - 2 scrolls of teleportation
 j - a scroll of vulnerability
Potions
 b - a potion of lignification
 g - 3 potions of curing
 h - a potion of heal wounds {unknown}
 m - a potion of enlightenment


   Skills:
 + Level 2.1 Fighting
 - Level 1.7 Dodging
 * Level 3.8 Unarmed Combat
 * Level 3.6 Shapeshifting


You had 3 spell levels left.
You didn't know any spells.
Your spell library was empty.

Dungeon Overview and Level Annotations

Branches:
Dungeon (3/15)

Altars:

Annotations:
D:2 Terence


Innate Abilities, Weirdness & Mutations

You are a hulking beast.
Your limbs bulge with bestial killing power. (Slay +2)
You have a somewhat thin skeletal structure. (Dex +2, Stealth+)
You have a small tail.
You sometimes lose your temper in combat.
Your magical capacity is low. (-10% MP)
Your muscles are strong. (Str +4, Int/Dex -1)


Message History

You are unaffected.
You hit the sleepcap.
You destroy the sleepcap!
Your Fighting skill increases to level 2!
No target in view!
j - a scroll of vulnerability A scorpion comes into view.
The helpless scorpion fails to defend itself.
You hit the scorpion but do no damage. The scorpion closely misses you.
You barely miss the scorpion. The scorpion stings you.
The scorpion closely misses you.
You punch the scorpion!
Your tail-slap misses the scorpion.
The scorpion is heavily wounded.
The scorpion stings you.
You are poisoned.
The scorpion poisons you!
You hit the scorpion.
The scorpion is heavily wounded.
You feel very sick. The scorpion stings you.
You are too injured to fight recklessly!
You are too injured to fight recklessly!
You are too injured to fight recklessly!
You are too injured to fight recklessly!
Unknown command.
You are too injured to fight recklessly!
You are too injured to fight recklessly!
You are too injured to fight recklessly!
You punch the scorpion!
The scorpion is almost dead.
You feel sick. The scorpion stings you.
You closely miss the scorpion.
The scorpion is almost dead.
You feel sick. The scorpion stings you!
* * * LOW HITPOINT WARNING * * *
You are more poisoned.
The scorpion poisons you!
You barely miss the scorpion.
The scorpion is almost dead.
You die...

#.#+## #.....####...
.......#####............
........................
.........>..............
........................
..................######
..............###.#
#.............# #.#
.......h......# #.#
#.....s.......#
.#+#.##......... #
#.........# ####......#
......# ...... ....


You could see a scorpion.

Vanquished Creatures
  2 sleepcaps (D:3)
  3 dart slugs
  2 bats
  4 endoplasms
  A giant cockroach (D:2)
  7 goblins
  11 hobgoblins
  2 jackals (D:1)
  4 ball pythons
  3 frilled lizards (D:1)
  6 kobolds
  5 rats
50 creatures vanquished.

Notes
Turn   | Place    | Note
-------+----------+-------------------------------------------
     0 | D:1      | TacoSundae the Demonspawn Shapeshifter began the quest for
                  | the Orb.
     0 | D:1      | Reached XP level 1. HP: 15/15 MP: 1/1
   150 | D:1      | Gained mutation: You have a somewhat thin skeletal
                  | structure. (Dex +2, Stealth+) [demonic ancestry]
   150 | D:1      | Reached XP level 2. HP: 19/21 MP: 2/2
   276 | D:1      | Found a faded altar of an unknown god.
   419 | D:1      | Gained mutation: You have a small tail. [demonic ancestry]
   419 | D:1      | Reached XP level 3. HP: 26/26 MP: 3/3
  1197 | D:2      | HP: 1/27 [hobgoblin (3)]
  1396 | D:2      | Noticed Terence
  1690 | D:3      | Gained mutation: Your muscles are strong. (Str +4, Int/Dex
                  | -1) [potion of mutation]
  1690 | D:3      | Gained mutation: You sometimes lose your temper in combat.
                  | [potion of mutation]
  1690 | D:3      | Gained mutation: Your magical capacity is low. (-10% MP)
                  | [potion of mutation]
  1721 | D:3      | Reached XP level 4. HP: 17/33 MP: 3/3
  1851 | D:3      | Noticed a scorpion
  1864 | D:3      | Succumbed to a scorpion's poison

Illustrated notes

Levels and vault maps discovered:
D:1:      nicolae_arrival_somewhat_less_tricky_arrival, layout_loops_ring,
          ebering_ecumenical_altar_abandoned
D:2:      cheibrodos_greedy_goblins, layout_loops_ring, uniq_terence
D:3:      layout_basic, hellmonk_no_cap

Skill      XL: |  1  2  3  4 |
---------------+-------------+-----
Unarmed Combat | 3 |  3.8
Shapeshifting  | 3 |  3.6
Fighting       | 2 |  2.1
Dodging        | |  1.7

Action                     |  1- 3 |  4- 6 || total
---------------------------+-------+-------++-------
  Melee: Unarmed           |    95 |    15 ||   110
         Tailslap          |     2 |     1 ||     3
         Punch             |     2 |       ||     2
    Use: Scroll            |     9 |       ||     9
         Potion            |     4 |       ||     4
   Stab: Sleeping          |     7 |     1 ||     8
 Armour: Animal skin       |    46 |     8 ||    54
  Dodge: Dodged            |    37 |     6 ||    43

Table legend: (Time is in decaauts)
 A = Elapsed time spent in this place.
 B = Non-inter-level travel time spent in this place.
 C = Inter-level travel time spent in this place.
 D = Time resting spent in this place.
 E = Time spent auto-exploring this place.
 F = Levels seen in this place.
 G = Mean time per level.
                   A        B        C        D        E       F      G
               +--------+--------+--------+--------+--------+-----+--------+
         Total |   1857 |   1805 |     52 |      0 |   1318 |   3 |  619.0 |
       Dungeon |   1857 |   1805 |     52 |      0 |   1318 |   3 |  619.0 |
               +--------+--------+--------+--------+--------+-----+--------+

Top non-repeatable levels by time:
     D:1: 836 daAuts
     D:2: 803 daAuts
     D:3: 218 daAuts
